 Dungeon Crawl Stone Soup version 0.25.1-2-g60ff931df9 (webtiles) character file.

Game seed: 13278708395758524390

1739 markt42 the Cudgeler (level 9, -8/54 HPs)
             Began as a Gargoyle Fighter on June 11, 2020.
             Was a Follower of Okawaru.
             Killed by divine providence
             ... invoked by an orc priest
              (10 damage)
             ... on level 6 of the Dungeon on Aug 31, 2020.
             The game lasted 00:07:07 (6479 turns).

markt42 the Cudgeler (Gargoyle Fighter)             Turns: 6479, Time: 00:07:08

Health: -8/54      AC: 18    Str: 21    XL:     9   Next: 5%
Magic:  9/9        EV:  8    Int: 11    God:    Okawaru [*.....]
Gold:   226        SH: 10    Dex: 11    Spells: 8/8 levels left

rFire    . . .     SeeInvis .   a - +0 flail
rCold    . . .     Gourm    .   c - +0 kite shield
rNeg     + . .     Faith    +   b - +0 scale mail
rPois    ∞         Spirit   .   q - +0 helmet
rElec    +         Reflect  .   t - +0 cloak
rCorr    .         Harm     .   g - +0 pair of gloves
MR       .....                  (no boots)
Stlth    ..........             n - amulet of faith
HPRegen  0.18/turn              (no ring)
MPRegen  0.11/turn              (no ring)

@: about to teleport
A: clever 1, negative energy resistance 1, electricity resistance, wild magic 1,
unbreathing, petrification resistance, rot immunity, AC +6
a: Heroism, Renounce Religion


You were on level 6 of the Dungeon.
You worshipped Okawaru.
Okawaru was aware of your devotion.
You were not hungry.

You visited 2 branches of the dungeon, and saw 7 of its levels.

You collected 291 gold pieces.
You spent 65 gold pieces at shops.

Inventory:

Hand Weapons
 a - a +0 flail (weapon)
Armour
 b - a +0 scale mail (worn)
 c - a +0 kite shield (worn)
 g - a +0 pair of gloves (worn)
 q - a +0 helmet (worn)
 t - a +0 cloak (worn)
Jewellery
 n - an amulet of faith (around neck)
 p - an uncursed amulet of regeneration {unknown}
Wands
 e - a wand of polymorph (8)
 j - a wand of random effects (19)
 k - a wand of iceblast (8)
Scrolls
 h - 3 scrolls of remove curse
 i - 4 scrolls of identify
 o - 2 scrolls of amnesia
 s - a scroll of enchant armour {unknown}
 u - a scroll of magic mapping {unknown}
Comestibles
 f - 6 rations


   Skills:
 + Level 5.0 Fighting
 * Level 7.5 Maces & Flails
 * Level 7.3 Armour
 + Level 1.9 Dodging
 + Level 5.7 Shields
 + Level 0.3 Evocations


You had 8 spell levels left.
You didn't know any spells.
Your spell library contained the following spells:

 Spells                   Type           Power        Failure   Level  Hunger
 Animate Skeleton         Necr           N/A          98%         1    ##.....
 Apportation              Tloc           #.....       98%         1    ##.....
 Corona                   Hex            #......      98%         1    ##.....
 Summon Small Mammal      Summ           #...         98%         1    ##.....


Dungeon Overview and Level Annotations

Branches:
Dungeon (6/15)             Temple (1/1) D:6

Altars:
Ashenzari
Cheibriados
Dithmenos
Elyvilon
Fedhas
Gozag
Hepliaklqana
Kikubaaqudgha
Makhleb
Nemelex Xobeh
Okawaru
Qazlal
Ru
Sif Muna
Trog
Uskayaw
Vehumet
Wu Jian
Xom
Yredelemnul
Zin
The Shining One

Shops:
D:4 =!([}


Innate Abilities, Weirdness & Mutations

You are resistant to torment.
Your stone body is resilient. (AC +6)
You are immune to poison.
You resist negative energy. (rN+)
You are resistant to electric shocks. (rElec)
You can survive without breathing.
You are immune to petrification.
You are immune to rotting.
Your mind is acute. (Int +2)
Your spells are a little harder to cast, but a little more powerful.


Message History

You can now gain great but temporary skills.
Your Fighting skill increases to level 5!
Your Armour skill increases to level 7!
You have reached level 9!
Your experience leads to an increase in your attributes!
Your base attributes are Str 21, Int 9, Dex 10.
Increase (S)trength, (I)ntelligence, or (D)exterity?
Uppercase letters only, please.
You feel agile.
You aren't carrying any potions.
You aren't carrying any potions.
As you read the scroll of fog, it crumbles to dust.
The scroll dissolves into smoke.
You block the orc priest's attack.
You aren't carrying any potions.
Unknown command.
As you read the scroll labeled NICWIN UNAWAT, it crumbles to dust.
You feel strangely unstable.
It was a scroll of teleportation.
The orc priest mumbles some strange prayers to Beogh against you.
Beogh smites you!
You die...

#......###.#.#. #......#
#.#. #......# #.#.
###.######......###.#.#.
.......)...............
#####.######......###.#.#.
......§§5§##......# #.#...
#####.###o##.....÷###.####
.. #@##.............. ##
#§##........#.#...
#§##.......#.#.#..
#..#####..#.#.#.#. #..##
#...#.>.#.. #...#
#..#.#.#(#.
#.#.####...#.#.#..
#...........#.#...
#..#.####.........


You could see an orc priest and a quasit.

Vanquished Creatures
  Maggie (D:6)
  Sigmund (D:2)
  Menkaure (D:4)
  An ogre (D:4)
  2 phantoms (D:5)
  Blork the orc (D:4)
  3 bullfrogs
  2 scorpions (D:4)
  2 howler monkeys
  A bullfrog zombie (D:5)
  A crimson imp (D:5)
  An orc priest (D:6)
  A hound (D:4)
  Ijyb (D:4)
  2 orc wizards (D:4)
  3 worker ants
  A gnoll (D:1)
  A howler monkey skeleton (D:6)
  7 adders
  An adder zombie (D:5)
  6 worms
  2 dart slugs
  2 leopard geckos
  5 orcs
  5 bats
  5 giant cockroaches
  7 goblins
  3 hobgoblins
  10 jackals
  4 quokkas
  3 frilled lizards
  A giant cockroach zombie (D:6)
  5 kobolds
  A leopard gecko skeleton (D:4)
  5 rats
98 creatures vanquished.

Vanquished Creatures (others)
  An adder (D:6)
  A hobgoblin (D:3)
2 creatures vanquished.

Grand Total: 100 creatures vanquished

Notes
Turn   | Place    | Note
-------+----------+-------------------------------------------
     0 | D:1      | markt42 the Gargoyle Fighter began the quest for the Orb.
     0 | D:1      | Reached XP level 1. HP: 14/14 MP: 1/1
    79 | D:1      | Reached XP level 2. HP: 17/20 MP: 2/2
   156 | D:1      | Reached XP level 3. HP: 10/24 MP: 3/3
   366 | D:1      | Upgraded the game from 0.25-b1-46-gb8a1ec05df to
                  | 0.25.1-2-g60ff931df9
   818 | D:2      | Found a bloodstained altar of Trog.
   892 | D:2      | Found a sacrificial altar of Ru.
  1045 | D:2      | Reached XP level 4. HP: 27/29 MP: 4/4
  1233 | D:2      | Noticed Sigmund
  1258 | D:2      | Killed Sigmund
  1258 | D:2      | Reached skill level 1 in Dodging
  1258 | D:2      | Reached XP level 5. HP: 9/33 MP: 5/5
  1258 | D:2      | Reached XP level 6. HP: 10/38 MP: 6/6
  1290 | D:2      | Reached skill level 5 in Armour
  2658 | D:4      | Gained mutation: Your spells are a little harder to cast,
                  | but a little more powerful. [potion of mutation]
  2658 | D:4      | Gained mutation: Your mind is acute. (Int +2) [potion of
                  | mutation]
  2945 | D:4      | Found Bommuheq's Gadget Shoppe.
  2958 | D:4      | Found Gyq Uset's Armour Emporium.
  3064 | D:4      | Noticed Blork the orc
  3080 | D:4      | Killed Blork the orc
  3080 | D:4      | Reached XP level 7. HP: 43/43 MP: 7/7
  3676 | D:4      | Reached skill level 5 in Maces & Flails
  3676 | D:4      | Reached skill level 5 in Shields
  4177 | D:4      | Noticed Ijyb
  4192 | D:4      | Killed Ijyb
  4216 | D:4      | Found Jasoniu's Distillery.
  4220 | D:4      | Bought a potion of heal wounds for 65 gold pieces
  4227 | D:4      | Found Jothoaro's Jewellery Shoppe.
  4288 | D:4      | Found Enwiudy's Weapon Boutique.
  4299 | D:4      | Noticed Menkaure
  4332 | D:4      | Killed Menkaure
  4332 | D:4      | Reached XP level 8. HP: 26/48 MP: 8/8
  4772 | D:5      | Entered Level 5 of the Dungeon
  4796 | D:5      | Found a glowing silver altar of Zin.
  6213 | D:6      | Found a staircase to the Ecumenical Temple.
  6253 | Temple   | Entered the Ecumenical Temple
  6403 | Temple   | Became a worshipper of Warmaster Okawaru
  6450 | D:6      | Noticed Maggie
  6472 | D:6      | HP: 1/48 [Maggie/bolt of fire (14)]
  6474 | D:6      | Killed Maggie
  6474 | D:6      | Reached * piety under Okawaru
  6474 | D:6      | Reached skill level 5 in Fighting
  6474 | D:6      | Reached XP level 9. HP: 1/54 MP: 9/9
  6479 | D:6      | Killed from afar by an orc priest

Illustrated notes

Levels and vault maps discovered:
D:1:      scummos_arrival_forest, layout_rooms
D:2:      layout_basic, lemuel_coloured_pillars_altar, nicolae_ru_awakened_eye,
          uniq_sigmund
D:3:      layout_loops_ring, first_ration
D:4:      cheibrodos_helix_gallery, layout_basic, serial_shops, kennysheep_mini,
          shop, shop, shop, shop, uniq_blork_the_orc, uniq_menkaure, uniq_ijyb
D:5:      layout_layer_cave, nicolae_overflow_crystal_walls
D:6:      layout_basic, minmay_temple_entry_grid, uniq_maggie
Temple:   regret_index_temple_chain_breaker

Skill      XL: |  1  2  3  4  5  6  7  8 |
---------------+-------------------------+-----
Fighting       | 4 5 |  5.0
Armour         | 4 5 6 7 |  7.3
Maces & Flails | 3 4 5 7 |  7.5
Dodging        | 1 |  1.9
Shields        | 4 5 |  5.7
Evocations     | |  0.3

Action                   |  1- 3 |  4- 6 |  7- 9 || total
-------------------------+-------+-------+-------++-------
Melee: Flail             |   140 |   183 |   264 ||   587
Evoke: Wand              |       |     1 |     5 ||     6
  Use: Potion            |       |     5 |     6 ||    11
       Scroll            |       |     4 |     2 ||     6
  Eat: Chunk             |     1 |     5 |     9 ||    15
       Ration            |       |       |     1 ||     1
Armor: Scale mail        |    82 |    75 |   103 ||   260
Dodge: Dodged            |    63 |    53 |    63 ||   179
Block: Kite shield       |    88 |    90 |   106 ||   284
